 Dungeon Crawl Stone Soup version 0.31.0-11-ge490571c62 (webtiles) character file.

Game seed: 9346412349057485418

25 Bravepunisher the Ducker (level 2, -1/16 HPs)
             Began as a Spriggan Monk on Jan 27, 2024.
             Shot with an arrow by a centaur (9 damage)
             ... on level 7 of the Dungeon.
             The game lasted 00:03:43 (720 turns).

Bravepunisher the Ducker (Spriggan Monk)             Turns: 720, Time: 00:03:43

Health: -1/16      AC:  2    Str:  7    XL:     2   Next: 82%
Magic:  3/3        EV: 19    Int: 11    God:
Gold:   64         SH:  0    Dex: 17    Spells: 1/1 levels left

rFire   . . .        e - +2 dagger (speed)
rCold   . . .        (no shield)
rNeg    . . .        b - +0 robe
rPois   .            (helmet restricted)
rElec   .            (no cloak)
rCorr   .            (gloves unavailable)
SInv    +            (boots unavailable)
Will    .....        (no amulet)
Stlth   +            (no ring)
HPRegen 0.22/turn    (no ring)
MPRegen 0.08/turn

%: no passive effects
@: slow
A: very small, no large weapons, unfitting armour, see invisible, speed 3
a: no special abilities


You were on level 7 of the Dungeon.
You visited 1 branch of the dungeon, and saw 7 of its levels.

You collected 64 gold pieces.

Inventory:

Hand Weapons
 e - a +2 dagger of speed (weapon)
Armour
 b - a +0 robe (worn)
Wands
 f - a wand of charming (12)
Scrolls
 d - 3 scrolls of poison {unknown}
 g - a scroll of identify {unknown}
 h - a scroll of brand weapon {unknown}
Potions
 a - a potion of heal wounds {unknown}
 c - a potion of ambrosia


   Skills:
 * Level 3.1 Fighting
 - Level 3.2 Short Blades
 + Level 4.5 Dodging


You had one spell level left.
You didn't know any spells.
Your spell library was empty.

Dungeon Overview and Level Annotations

Branches:
Dungeon (7/15)
 Temple: D:4-7

Altars:
Nemelex Xobeh
Uskayaw

Shops:
D:1 (

Annotations:
D:5 Edmund
D:7 Menkaure


Innate Abilities, Weirdness & Mutations

You are very small and have problems with some larger weapons.
You are too small for most types of armour.
You have supernaturally acute eyesight. (SInv)
You cover ground extremely quickly. (Speed+++)


Message History

Found a Trismegistus Codex.
There is an open door here.
You close the door.
Found a stone staircase leading up.
Found 10 gold pieces.
Found a stone staircase leading down.
An endoplasm comes into view.
The endoplasm quivers.
There is a stone staircase leading down here.
You climb downwards.
Level annotation: Edmund
Found an escape hatch in the floor.
There is a stone staircase leading up here.
There is an escape hatch in the floor here.
An adder comes into view.
The adder hisses angrily.
There is an escape hatch in the floor here.
You slide downwards.
The hatch slams shut behind you.
Found a trident and 10 gold pieces.
Found a stone staircase leading down.
There is a stone staircase leading down here.
You climb downwards.
Menkaure shouts!
You hear a shout! x2
Found four items.
There is a stone staircase leading up here.
An orc wizard comes into view. It is wielding a +0 dagger.
Found a club, a war axe and 29 gold pieces. 2 centaurs come into view.
Found a potion of ambrosia and 12 gold pieces.
The centaur shouts! x2
Found 5 gold pieces.
The centaur wields a +0 shortbow.
The centaur shoots an arrow.
The arrow closely misses you.
The centaur wields a +0 orcbow.
The centaur shoots an arrow.
The arrow closely misses you. Menkaure attacks as he pursues you!
Menkaure hits you!
Ouch! That really hurt!
You enter the shallow water.
Moving in this stuff is going to be slow.
The centaur shoots an arrow.
The arrow hits you!
Ouch! That really hurt!
You die...

# ..≈≈~~~~≈≈ .
#..≈≈~≈≈≈≈~≈~ ..
.#≈~≈≈$...≈~≈
......≈~≈~≈c$!≈~≈
...#≈~≈~≈o).$≈≈
.####.#≈~≈~≈c≈≈≈≈~
......≈~≈~≈≈~~~~≈
...#≈@≈≈~≈≈≈≈≈≈ .
#.#≈≈~≈≈~~~~~~
.?.####...≈≈.≈≈≈≈≈≈≈
......!...M..#######
.....$.<.....#
##.#.##.........
#....##..(.....
######.###.)... #.#
##...


You could see Menkaure, 2 centaurs and an orc wizard.

Vanquished Creatures
  4 orcs (D:4)
  6 endoplasms
  A hobgoblin (D:4)
  2 kobolds
  A bat (D:3)
  3 frilled lizards
  2 rats (D:3)
19 creatures vanquished.

Notes
Turn   | Place    | Note
-------+----------+-------------------------------------------
     0 | D:1      | Bravepunisher the Spriggan Monk began the quest for the
                  | Orb.
     0 | D:1      | Reached XP level 1. HP: 11/11 MP: 2/2
    45 | D:1      | Found Umulye's Weapon Boutique.
   324 | D:3      | Reached XP level 2. HP: 16/16 MP: 3/3
   383 | D:3      | Found a sparkling altar of Nemelex Xobeh.
   386 | D:3      | Found a hide-covered altar of Uskayaw.
   403 | D:3      | Noticed a howler monkey
   639 | D:5      | Entered Level 5 of the Dungeon
   639 | D:5      | Noticed Edmund
   713 | D:7      | Noticed Menkaure
   715 | D:7      | Noticed a centaur
   715 | D:7      | Noticed a centaur
   720 | D:7      | Shot with an arrow by a centaur

Illustrated notes

Levels and vault maps discovered:
D:1:      scummos_arrival_gate, layout_basic, serial_shops, shop,
          nicolae_shop_bloodbath_and_beyond, nicolae_shop_gibbet_a_chance, shop
D:2:      layout_loops_corners
D:3:      layout_basic, nicolae_overflow_hidden_temple
D:4:      layout_gridville
D:5:      layout_loops_ring, nicolae_stop_n_shop_2, nicolae_elemental_shop,
          nicolae_nh_ransacked_shop, uniq_edmund, uniq_duvessa
D:6:      layout_cave_pools, minmay_temple_entry_hall
D:7:      nicolae_whirlpool, layout_rooms, hangedman_decor_opposing,
          uniq_menkaure, uniq_jeremiah

Skill      XL: |  1  2 |
---------------+-------+-----
Fighting       | 3 |  3.1
Short Blades   | |  3.2
Dodging        | |  4.5

Action                     || total
---------------------------++-------
  Melee: Short sword       ||    28
         Punch             ||     2
         Dagger            ||    40
   Stab: Sleeping          ||     1
 Armour: Robe              ||    10
  Dodge: Dodged            ||    32
